 Dungeon Crawl Stone Soup version 0.21.1-1-g345015f (webtiles) character file.

46 grindst0ne the Sneak (level 3, 0/19 HPs)
             Began as a Kobold Enchanter on Feb 24, 2018.
             Succumbed to an adder's poison
             ... on level 1 of the Dungeon.
             The game lasted 00:02:58 (1992 turns).

grindst0ne the Sneak (Kobold Enchanter)             Turns: 1992, Time: 00:02:59

Health: 0/19       AC:  2    Str:  6    XL:     3   Next: 95%
Magic:  6/6        EV: 15    Int: 16    God:
Gold:   69         SH:  0    Dex: 15    Spells: 5/6 levels left

rFire    . . .     SeeInvis .   l - +0 dagger (drain)
rCold    . . .     Gourm    .   (shield restricted)
rNeg     . . .     Faith    .   b - +0 robe
rPois    .         Spirit   .   (no helmet)
rElec    .         Reflect  .   (no cloak)
rCorr    .         Harm     .   (no gloves)
MR       .....                  (no boots)
Stlth    +++.......             (no amulet)
HPRegen  0.06/turn              (no ring)
MPRegen  0.10/turn              (no ring)

@: lethally poisoned (0 -> -4)
A: small, carnivore
a: no special abilities


You were on level 1 of the Dungeon.
You were very full.

You visited 1 branch of the dungeon, and saw 2 of its levels.

You collected 69 gold pieces.

Inventory:

Hand Weapons
 a - a +1 dagger
 l - a +0 dagger of draining (weapon)
Armour
 b - a +0 robe (worn)
Scrolls
 e - 2 scrolls of fear {unknown}
 f - a scroll of enchant armour {unknown}
 g - 2 scrolls of remove curse {unknown}
 h - a scroll of noise {unknown}
 k - 2 scrolls of identify {unknown}
Books
 c - a book of Maledictions

   Spells                             Type                      Level
   a - Corona                         Hexes                        1
   b - Ensorcelled Hibernation        Hexes/Ice                    2
   c - Confuse                        Hexes                        3
   d - Tukima's Dance                 Hexes                        3
   e - Dazzling Spray                 Conjuration/Hexes            3
Comestibles
 d - 2 rations


   Skills:
 + Level 3.3 Short Blades
 - Level 2.4 Dodging
 + Level 5.3 Stealth
 - Level 2.1 Spellcasting
 - Level 3.0 Hexes


You had 5 spell levels left.
You knew the following spells:

 Your Spells              Type           Power        Failure   Level  Hunger
a - Corona                Hex            ##.....      6%          1    #......


Dungeon Overview and Level Annotations

Branches:
Dungeon (2/15)

Altars:

Annotations:
D:2 Robin


Innate Abilities, Weirdness & Mutations

You are small and have problems with some larger weapons.
You are carnivorous and can eat meat at any time.


Message History

You kill the adder!
* * * LOW HITPOINT WARNING * * *
You feel sick. The hobgoblin closely misses you.
Items here: ( ))) † 11 stones; an uncursed hunting sling; an uncursed club; a dagger an adder corpse
* * * LOW HITPOINT WARNING * * *
You feel sick.
You hit the hobgoblin but do no damage. You drain the hobgoblin!
The hobgoblin is severely wounded.
* * * LOW HITPOINT WARNING * * *
You feel sick. The hobgoblin hits you with a club.
* * * LOW HITPOINT WARNING * * *
You aren't carrying any potions.
You hit the hobgoblin but do no damage.
The hobgoblin is severely wounded.
You hit the hobgoblin.
You kill the hobgoblin!
The hobgoblin completely misses you.
You die...

#.# #..####..........#
#.# #..# #.####.###.#
#.# #..# #.# #.# #.#
##.# #..####.# ##.###.#
# #..# #.......#
#......# # #.##
##.####.#
#.###..####### #.# #.#
#.# #.###......... #.#
#.####g###.##..≈≈≈≈≈≈≈.
#.#
#.)>(.@.......≈≈.....≈≈
#.#
######.####..≈≈.......≈
#.# ####.#
#..≈≈..8.<..♣. #.#
##.##.###..≈........8.
#.#
##.#.#......≈..........
#.#
#.#....###..≈≈.♣.......
#.# ##...###
#...≈≈..8....≈ #.#
##.## ##...≈≈♣....≈≈
#.# #.# #....≈≈≈.≈≈≈.


You could see a hobgoblin.

Vanquished Creatures
  An adder (D:1)
  An ooze (D:1)
  A dart slug (D:1)
  A leopard gecko (D:1)
  3 bats
  A giant cockroach (D:2)
  7 goblins
  7 hobgoblins (D:1)
  A kobold (D:1)
  A frilled lizard (D:1)
  2 rats (D:1)
26 creatures vanquished.

Notes
Turn   | Place    | Note
-------+----------+-------------------------------------------
     0 | D:1      | grindst0ne the Kobold Enchanter began the quest for the Orb.
     0 | D:1      | Reached XP level 1. HP: 10/10 MP: 3/3
   120 | D:1      | Reached XP level 2. HP: 5/15 MP: 5/5
   923 | D:1      | Reached XP level 3. HP: 3/19 MP: 6/6
  1337 | D:2      | Noticed Robin
  1343 | D:2      | Reached skill level 5 in Stealth
  1992 | D:1      | Succumbed to an adder's poison

Skill      XL: |  1  2  3 |
---------------+----------+-----
Short Blades   | 2 3 |  3.3
Stealth        | 5 |  5.3
Dodging        | |  2.4
Spellcasting   | |  2.1
Hexes          | |  3.0

Action                   || total
-------------------------++-------
Melee: Dagger            ||   154
  Use: Potion            ||     2
 Stab: Sleeping          ||     2
  Eat: Chunk             ||    11
Armor: Robe              ||    24
Dodge: Dodged            ||   144
